Bruins vs Predators
Created - March 19, 2018 at 21:18
Goals
|
| Bruins |
0 |
0 |
1 |
1 |
| Predators |
1 |
0 |
2 |
3 |
|
Shots
|
| Bruins |
4 |
11 |
15 |
30 |
| Predators |
7 |
11 |
14 |
32 |
|
1st period
1. Predators , Alexander Ovechkin 36 (Niclas Bergfors 40, Dmitri Kalinin 17) at 2:12 (PP)
Penalties :
Nick Schultz (Bos) for Interference (Minor) at 1:02, Alexander Edler (Nas) for Hooking (Minor) at 11:39
2nd period
No Goal
Penalties :
Jason Demers (Bos) for Hooking (Minor) at 0:42, Wojtek Wolski (Bos) for Hooking (Minor) at 5:43, Byron Bitz (Nas) for Interference (Minor) at 11:31
3rd period
2. Predators , Niclas Bergfors 25 (Ryan Kesler 32, Alexander Ovechkin 47) at 7:14
3. Bruins , Andrew Alberts 8 (Cam Fowler 14, Wojtek Wolski 50) at 8:35
4. Predators , Andy Miele 15 (Alexander Edler 39, Kris Vernarsky 8) at 13:28
Penalties :
James Van Riemsdyk (Nas) for Holding (Minor) at 16:55, Nikolai Zherdev (Bos) for Hooking (Minor) at 19:00
Goalie Stats
Kevin Poulin (Bos), 29 saves from 32 shots - (0.906), L, 19-22-5, 60:00 minutes
Viktor Fasth (Nas), 29 saves from 30 shots - (0.967), W, 28-19-3, 60:00 minutes
Players Stats for Bruins
Player Name G A P +/- PIM S H SB GA TA FO MP PP MP PK MP
------------------------------------------------------------------------------------
Alex Tanguay 0 0 0 0 0 1 3 0 2 1 0/1 14:00 0:00 1:25
Andrew Alberts 1 0 1 1 0 2 0 0 0 0 0/0 21:35 2:17 2:55
Cam Fowler 0 1 1 1 0 1 1 1 0 0 0/0 18:17 0:00 0:48
Dave Bolland 0 0 0 0 0 1 4 0 0 0 5/14 18:23 2:54 3:00
Henrik Sedin 0 0 0 1 0 3 2 0 0 0 17/34 22:47 3:00 3:51
Jason Demers 0 0 0 -1 2 0 1 1 0 1 0/0 26:31 3:40 2:08
Kris Chucko 0 0 0 -1 0 1 1 1 0 0 0/0 9:44 0:00 0:20
Mike Fisher 0 0 0 -1 0 1 1 1 0 0 1/5 10:49 0:03 0:12
Nate Prosser 0 0 0 -1 0 0 0 2 0 2 0/0 16:12 2:17 2:59
Nathan Horton 0 0 0 1 0 2 1 0 3 0 1/2 19:53 3:00 0:58
Nick Schultz 0 0 0 -1 2 0 3 0 0 1 0/0 11:01 0:00 0:05
Nikolai Zherdev 0 0 0 -1 2 0 3 0 0 1 0/0 9:05 0:03 0:00
Rene Bourque 0 0 0 -1 0 0 1 1 0 0 0/1 10:37 0:03 0:00
Shane O'Brien 0 0 0 -1 0 4 1 0 0 0 0/0 26:23 3:40 3:19
Victor Oreskovich 0 0 0 0 0 6 0 0 0 0 0/0 14:56 2:54 0:00
Viktor Stalberg 0 0 0 -1 0 1 1 0 0 0 0/0 12:49 2:54 0:00
Wojtek Wolski 0 1 1 1 2 4 0 0 0 1 2/2 21:50 3:00 2:28
Zack Hamill 0 0 0 -1 0 3 1 0 2 0 2/2 8:57 0:00 0:00
Players Stats for Predators
Player Name G A P +/- PIM S H SB GA TA FO MP PP MP PK MP
------------------------------------------------------------------------------------
Adam Burish 0 0 0 -1 0 1 2 0 0 0 0/0 12:44 0:00 2:11
Alexander Edler 0 1 1 1 2 1 4 1 1 1 0/0 25:51 1:27 2:10
Alexander Ovechkin 1 1 2 1 0 2 1 1 0 0 0/0 23:42 4:29 1:42
Alexander Steen 0 0 0 0 0 2 1 0 0 0 0/0 14:22 1:38 0:16
Andy Miele 1 0 1 1 0 2 1 0 0 0 2/3 10:35 0:00 3:09
Barret Jackman 0 0 0 0 0 0 0 0 0 1 0/0 8:01 0:00 0:18
Brett Clark 0 0 0 -1 0 1 1 1 0 0 0/0 10:23 0:00 2:39
Byron Bitz 0 0 0 0 2 2 0 0 0 0 0/0 16:24 1:38 2:06
Dmitri Kalinin 0 1 1 1 0 1 0 1 1 0 0/0 23:39 4:40 1:04
James Van Riemsdyk 0 0 0 -1 2 2 1 0 0 0 0/0 10:08 0:00 0:00
John Moore 0 0 0 1 0 2 1 1 1 2 0/0 24:58 4:40 2:25
Justin Abdelkader 0 0 0 1 0 3 0 0 0 0 0/0 7:51 0:00 0:00
Kris Vernarsky 0 1 1 1 0 2 0 0 1 1 1/2 7:36 0:00 0:09
Marc Savard 0 0 0 -1 0 1 0 0 0 0 5/7 9:46 0:00 0:00
Mikael Granlund 0 0 0 0 0 2 3 2 0 0 12/18 18:49 4:29 1:19
Niclas Bergfors 1 1 2 1 0 5 3 1 3 0 2/2 21:57 4:29 0:00
Ryan Kesler 0 1 1 1 0 2 3 1 0 2 11/29 20:05 1:38 1:02
Ryan Mcdonagh 0 0 0 0 0 1 0 4 0 0 0/0 27:09 1:27 3:18
3 Stars
1 - Niclas Bergfors (Nas)
2 - Viktor Fasth (Nas)
3 - Alexander Ovechkin (Nas)
Power Play
Bruins - 0 on 3 Attempt(s) - 0.00%
Predators - 1 on 4 Attempt(s) - 25.00%
Penalty Kill
Bruins - 3 on 4 Attempt(s) - 75.00%
- Score 0 goal in Penalty Kill
Predators - 3 on 3 Attempt(s) - 100.00%
- Score 0 goal in Penalty Kill
Team Stat
Bruins - Hits : 24 - Faceoff Wins : 28 - Blocked Shots : 7 - Penalty Minutes : 8
Predators - Hits : 21 - Faceoff Wins : 33 - Blocked Shots : 13 - Penalty Minutes : 6
Official
Referees : Peel Tim and Morton Dean
Linesman : Vaughan Rody and Jean Morin
Game Notes
No Game Note
Finance
Level 1 -- Attendance: 6000 (100.00%) -- Ticket Income $528,000
Level 2 -- Attendance: 4912 (98.24%) -- Ticket Income $265,248
Level 3 -- Attendance: 2000 (100.00%) -- Ticket Income $68,000
Level 4 -- Attendance: 3899 (97.48%) -- Ticket Income $101,374
Luxury Box -- Attendance: 787 (78.70%) -- Ticket Income $133,790
Game was played at the Wildcat center.
Total Attendance: 17598 (97.77%)
Total Ticket Income: $1,096,412
Other Income: $164,462
Total Income: $1,260,874
Bruins
5 vs 5 Forward
Center Left Wing Right Wing Time % Phy DF OF
1 Henrik Sedin Wojtek Wolski Nathan Horton 40 0 2 3
2 Dave Bolland Alex Tanguay Victor Oreskovich 30 0 2 3
3 Mike Fisher Viktor Stalberg Rene Bourque 20 1 2 2
4 Zack Hamill Kris Chucko Nikolai Zherdev 10 1 2 2
5 vs 5 Defense
Defense Defense Time % Phy DF OF
1 Jason Demers Shane O'Brien 40 1 2 2
2 Andrew Alberts Cam Fowler 30 1 2 2
3 Nate Prosser Nick Schultz 20 1 2 2
4 Cam Fowler Jason Demers 10 1 2 2
PowerPlay Forward
Center Left Wing Right Wing Time % Phy DF OF
1 Henrik Sedin Wojtek Wolski Nathan Horton 60 0 1 4
2 Dave Bolland Viktor Stalberg Victor Oreskovich 40 0 1 4
PowerPlay Defense
Defense Defense Time % Phy DF OF
1 Jason Demers Shane O'Brien 60 0 2 3
2 Andrew Alberts Nate Prosser 40 0 2 3
Penalty Kill 4 Players Forward
Center Wing Time % Phy DF OF
1 Henrik Sedin Wojtek Wolski 60 0 4 1
2 Dave Bolland Nathan Horton 40 0 4 1
Penalty Kill 4 Players Defense
Defense Defense Time % Phy DF OF
1 Jason Demers Shane O'Brien 60 0 4 1
2 Andrew Alberts Nate Prosser 40 0 4 1
Penalty Kill - 3 Players Forward
Forward Time % Phy DF OF
1 Wojtek Wolski 60 0 5 0
2 Henrik Sedin 40 0 5 0
Penalty Kill - 3 Players Defense
Defense Defense Time % Phy DF OF
1 Jason Demers Shane O'Brien 60 0 5 0
2 Andrew Alberts Nate Prosser 40 0 5 0
4 vs 4 Forward
Center Wing Time % Phy DF OF
1 Henrik Sedin Wojtek Wolski 60 1 2 2
2 Dave Bolland Nathan Horton 40 1 2 2
4 vs 4 Defense
Defense Defense Time % Phy DF OF
1 Jason Demers Shane O'Brien 60 1 2 2
2 Andrew Alberts Nate Prosser 40 1 2 2
Last Minutes Offensive
Center Left Wing Right Wing Defense Defense
Henrik Sedin Wojtek Wolski Nathan Horton Jason Demers Shane O'Brien
Last Minutes Defensive
Center Left Wing Right Wing Defense Defense
Henrik Sedin Wojtek Wolski Nathan Horton Jason Demers Shane O'Brien
Goaltenders
Starting : Kevin Poulin
Backup : Craig Anderson
Extra Forwards
Normal : Victor Oreskovich, Wojtek Wolski, Henrik Sedin - PP : Rene Bourque, Mike Fisher - PK : Dave Bolland
Extra Defensemen
Normal : Cam Fowler, Jason Demers, Andrew Alberts - PP : Cam Fowler - PK : Shane O'Brien, Nate Prosser
Penalty Shots
Nathan Horton, Viktor Stalberg, Wojtek Wolski, Nikolai Zherdev, Rene Bourque
Scratches
Kevin Bieksa (Groin Injury)
Predators
5 vs 5 Forward
Center Left Wing Right Wing Time % Phy DF OF
1 Ryan Kesler Alexander Ovechkin Niclas Bergfors 40 1 2 2
2 Mikael Granlund Alexander Steen Byron Bitz 30 1 2 2
3 Marc Savard James Van Riemsdyk Adam Burish 20 2 1 2
4 Kris Vernarsky Justin Abdelkader Andy Miele 10 1 2 2
5 vs 5 Defense
Defense Defense Time % Phy DF OF
1 Ryan Mcdonagh Alexander Edler 40 1 2 2
2 John Moore Dmitri Kalinin 30 1 2 2
3 Ryan Mcdonagh Brett Clark 20 1 2 2
4 Barret Jackman Alexander Edler 10 1 2 2
PowerPlay Forward
Center Left Wing Right Wing Time % Phy DF OF
1 Mikael Granlund Alexander Ovechkin Niclas Bergfors 60 0 0 5
2 Ryan Kesler Alexander Steen Byron Bitz 40 0 0 5
PowerPlay Defense
Defense Defense Time % Phy DF OF
1 John Moore Dmitri Kalinin 60 0 1 4
2 Ryan Mcdonagh Alexander Edler 40 0 1 4
Penalty Kill 4 Players Forward
Center Wing Time % Phy DF OF
1 Andy Miele Byron Bitz 60 1 2 2
2 Ryan Kesler Adam Burish 40 1 2 2
Penalty Kill 4 Players Defense
Defense Defense Time % Phy DF OF
1 Ryan Mcdonagh Alexander Edler 60 1 3 1
2 John Moore Brett Clark 40 1 3 1
Penalty Kill - 3 Players Forward
Forward Time % Phy DF OF
1 Byron Bitz 60 1 2 2
2 Adam Burish 40 1 2 2
Penalty Kill - 3 Players Defense
Defense Defense Time % Phy DF OF
1 Ryan Mcdonagh Alexander Edler 60 1 3 1
2 John Moore Brett Clark 40 1 3 1
4 vs 4 Forward
Center Wing Time % Phy DF OF
1 Alexander Ovechkin Niclas Bergfors 60 1 2 2
2 Ryan Kesler Byron Bitz 40 1 2 2
4 vs 4 Defense
Defense Defense Time % Phy DF OF
1 Ryan Mcdonagh Alexander Edler 60 1 2 2
2 John Moore Dmitri Kalinin 40 1 2 2
Last Minutes Offensive
Center Left Wing Right Wing Defense Defense
Marc Savard Alexander Ovechkin Niclas Bergfors Ryan Mcdonagh Alexander Edler
Last Minutes Defensive
Center Left Wing Right Wing Defense Defense
Marc Savard Adam Burish Byron Bitz Ryan Mcdonagh John Moore
Goaltenders
Starting : Viktor Fasth
Backup : Chad Johnson
Extra Forwards
Normal : James Van Riemsdyk, Justin Abdelkader, Marc Savard - PP : James Van Riemsdyk, Justin Abdelkader - PK : Adam Burish
Extra Defensemen
Normal : Brett Clark, Barret Jackman, Dmitri Kalinin - PP : Brett Clark - PK : Dmitri Kalinin, Ryan Mcdonagh
Penalty Shots
Alexander Ovechkin, Ryan Kesler, Niclas Bergfors, Andy Miele, Justin Abdelkader
Scratches
None
% Time on Ice - Bruins
Lines # - Real PCT - Wanted PCT - Time Play
Normal Forward
1 - 34% - 40% - 16:29
2 - 25% - 30% - 12:02
3 - 22% - 20% - 10:28
4 - 19% - 10% - 8:57
Normal Defense
1 - 41% - 40% - 19:27
2 - 33% - 30% - 15:36
3 - 23% - 20% - 10:51
4 - 4% - 10% - 2:02
PP Forward
1 - 51% - 60% - 3:03
2 - 49% - 40% - 2:54
PP Defense
1 - 62% - 60% - 3:40
2 - 38% - 40% - 2:17
PK Forward
1 - 84% - 60% - 5:09
2 - 16% - 40% - 0:58
PK Defense
1 - 67% - 60% - 4:07
2 - 33% - 40% - 2:00
PK3 Forward
1 - 0% - 60%
2 - 0% - 40%
PK3 Defense
1 - 0% - 60%
2 - 0% - 40%
44 Forward
1 - 0% - 60%
2 - 0% - 40%
44 Defense
1 - 0% - 60%
2 - 0% - 40%
Last Minute Offensive - 0:00
Last Minute Defensive - 0:00
Total
Forward - 60:00
Defense - 60:00
|
% Time on Ice - Predators
Lines # - Real PCT - Wanted PCT - Time Play
Normal Forward
1 - 37% - 40% - 17:31
2 - 28% - 30% - 13:13
3 - 20% - 20% - 9:46
4 - 16% - 10% - 7:26
Normal Defense
1 - 34% - 40% - 16:20
2 - 39% - 30% - 18:41
3 - 16% - 20% - 7:43
4 - 11% - 10% - 5:12
PP Forward
1 - 73% - 60% - 4:29
2 - 27% - 40% - 1:38
PP Defense
1 - 76% - 60% - 4:40
2 - 24% - 40% - 1:27
PK Forward
1 - 83% - 60% - 4:55
2 - 17% - 40% - 1:02
PK Defense
1 - 59% - 60% - 3:32
2 - 41% - 40% - 2:25
PK3 Forward
1 - 0% - 60%
2 - 0% - 40%
PK3 Defense
1 - 0% - 60%
2 - 0% - 40%
44 Forward
1 - 0% - 60%
2 - 0% - 40%
44 Defense
1 - 0% - 60%
2 - 0% - 40%
Last Minute Offensive - 0:00
Last Minute Defensive - 0:00
Total
Forward - 60:00
Defense - 60:00
|
Play by Play
1st period
0:01 of 1st period - Ryan Kesler wins face-off versus Henrik Sedin in neutral zone.
0:06 of 1st period - Snap shot by Niclas Bergfors.
0:06 of 1st period - Stopped by Kevin Poulin with a rebound.
0:25 of 1st period - Icing by Byron Bitz.
0:26 of 1st period - Dave Bolland wins face-off versus Mikael Granlund in Predators zone.
0:35 of 1st period - Andrew Alberts is hit by Alexander Steen and loses puck.
0:40 of 1st period - Snap shot by Alexander Edler.
0:40 of 1st period - Stopped by Kevin Poulin without a rebound.
0:41 of 1st period - Marc Savard wins face-off versus Mike Fisher in Bruins zone.
0:56 of 1st period - Wrist shot by Adam Burish.
0:56 of 1st period - Shot Misses the Net.
1:02 of 1st period - Minor Penalty to Nick Schultz for Interference.
1:03 of 1st period - Mikael Granlund wins face-off versus Henrik Sedin in Bruins zone.
1:44 of 1st period - Backhand shot by Niclas Bergfors.
1:44 of 1st period - Shot Blocked by Nate Prosser.
2:12 of 1st period - Wrist shot by Niclas Bergfors.
2:12 of 1st period - Deflect By Alexander Ovechkin.
2:12 of 1st period - Goal by Alexander Ovechkin - Bruins : 0 - Predators : 1.
2:13 of 1st period - Dave Bolland wins face-off versus Kris Vernarsky in neutral zone.
2:18 of 1st period - Slapshot by Alex Tanguay.
2:18 of 1st period - Shot Misses the Net.
2:28 of 1st period - Wrist shot by Kris Vernarsky.
2:28 of 1st period - Stopped by Kevin Poulin without a rebound.
2:29 of 1st period - Henrik Sedin wins face-off versus Marc Savard in Bruins zone.
4:45 of 1st period - Snap shot by Alexander Ovechkin.
4:45 of 1st period - Shot Misses the Net.
5:44 of 1st period - Wrist shot by Nikolai Zherdev.
5:44 of 1st period - Shot Misses the Net.
5:46 of 1st period - Slapshot by Nick Schultz.
5:46 of 1st period - Shot Blocked by John Moore.
7:01 of 1st period - Nick Schultz is hit by Mikael Granlund.
7:17 of 1st period - Alexander Edler is hit by Dave Bolland and loses puck.
7:48 of 1st period - Off-side.
7:49 of 1st period - Ryan Kesler wins face-off versus Henrik Sedin in neutral zone.
8:20 of 1st period - Off-side.
8:21 of 1st period - Mike Fisher wins face-off versus Ryan Kesler in neutral zone.
8:26 of 1st period - Slapshot by Shane O'Brien.
8:26 of 1st period - Stopped by Viktor Fasth with a rebound.
9:32 of 1st period - Viktor Stalberg is hit by Ryan Kesler and loses puck.
9:55 of 1st period - Wrist shot by Justin Abdelkader.
9:55 of 1st period - Stopped by Kevin Poulin with a rebound.
9:57 of 1st period - Snap shot by Ryan Mcdonagh.
9:57 of 1st period - Shot Blocked by Cam Fowler.
10:17 of 1st period - Wrist shot by Nathan Horton.
10:17 of 1st period - Shot Misses the Net.
10:37 of 1st period - Brett Clark is hit by Kris Chucko and loses puck.
10:52 of 1st period - Snap shot by Henrik Sedin.
10:52 of 1st period - Stopped by Viktor Fasth without a rebound.
10:53 of 1st period - Nathan Horton wins face-off versus Ryan Kesler in Predators zone.
11:17 of 1st period - Snap shot by Zack Hamill.
11:17 of 1st period - Stopped by Viktor Fasth without a rebound.
11:18 of 1st period - Henrik Sedin wins face-off versus Ryan Kesler in Predators zone.
11:39 of 1st period - Minor Penalty to Alexander Edler for Hooking.
11:40 of 1st period - Andy Miele wins face-off versus Henrik Sedin in Predators zone.
11:53 of 1st period - Snap shot by Henrik Sedin.
11:53 of 1st period - Shot Misses the Net.
12:47 of 1st period - Wojtek Wolski is hit by Andy Miele and loses puck.
13:39 of 1st period - Penalty to Alexander Edler is over, Alexander Edler is back on ice.
13:52 of 1st period - Ryan Mcdonagh is hit by Zack Hamill and loses puck.
14:11 of 1st period - Snap shot by Alex Tanguay.
14:11 of 1st period - Shot Misses the Net.
15:08 of 1st period - Wrist shot by Andy Miele.
15:08 of 1st period - Stopped by Kevin Poulin with a rebound.
15:53 of 1st period - Brett Clark is hit by Alex Tanguay and loses puck.
16:08 of 1st period - Alexander Ovechkin is hit by Nikolai Zherdev.
17:10 of 1st period - Brett Clark is hit by Nikolai Zherdev and loses puck.
17:49 of 1st period - Snap shot by Byron Bitz.
17:49 of 1st period - Stopped by Kevin Poulin with a rebound.
17:51 of 1st period - Snap shot by Byron Bitz.
17:51 of 1st period - Shot Misses the Net.
18:07 of 1st period - Ryan Mcdonagh is hit by Viktor Stalberg and loses puck.
18:59 of 1st period - Mike Fisher is hit by Alexander Edler and loses puck.
19:27 of 1st period - Adam Burish is hit by Mike Fisher and loses puck.
19:32 of 1st period - Wrist shot by Mike Fisher.
19:32 of 1st period - Stopped by Viktor Fasth without a rebound.
19:33 of 1st period - Ryan Kesler wins face-off versus Henrik Sedin in Predators zone.
19:42 of 1st period - Cam Fowler is hit by Alexander Ovechkin and loses puck.
Goals for this period are 0 for Bruins vs 1 for Predators.
Shots for this period are 4 for Bruins vs 7 for Predators.
2nd period
0:01 of 2nd period - Henrik Sedin wins face-off versus Ryan Kesler in neutral zone.
0:10 of 2nd period - Slapshot by Ryan Kesler.
0:10 of 2nd period - Shot Misses the Net.
0:16 of 2nd period - Slapshot by Ryan Kesler.
0:16 of 2nd period - Deflect By Niclas Bergfors.
0:16 of 2nd period - Stopped by Kevin Poulin without a rebound.
0:17 of 2nd period - Dave Bolland wins face-off versus Mikael Granlund in Bruins zone.
0:22 of 2nd period - Snap shot by Victor Oreskovich.
0:22 of 2nd period - Stopped by Viktor Fasth with a rebound.
0:24 of 2nd period - Wrist shot by Alex Tanguay.
0:24 of 2nd period - Shot Blocked by Mikael Granlund.
0:26 of 2nd period - Snap shot by Victor Oreskovich.
0:26 of 2nd period - Stopped by Viktor Fasth with a rebound.
0:28 of 2nd period - Slapshot by Shane O'Brien.
0:28 of 2nd period - Shot Blocked by Ryan Mcdonagh.
0:30 of 2nd period - Wrist shot by Victor Oreskovich.
0:30 of 2nd period - Shot Misses the Net.
0:32 of 2nd period - Snap shot by Victor Oreskovich.
0:32 of 2nd period - Stopped by Viktor Fasth without a rebound.
0:33 of 2nd period - Ryan Kesler wins face-off versus Nathan Horton in Predators zone.
0:33 of 2nd period - Ryan Kesler is hit by Shane O'Brien.
0:42 of 2nd period - Minor Penalty to Jason Demers for Hooking.
0:43 of 2nd period - Wojtek Wolski wins face-off versus Mikael Granlund in Bruins zone.
0:59 of 2nd period - Nate Prosser is hit by Niclas Bergfors and loses puck.
2:42 of 2nd period - Penalty to Jason Demers is over, Jason Demers is back on ice.
2:53 of 2nd period - Nick Schultz is hit by Alexander Edler and loses puck.
3:16 of 2nd period - Snap shot by Justin Abdelkader.
3:16 of 2nd period - Stopped by Kevin Poulin with a rebound.
3:32 of 2nd period - Nick Schultz is hit by Brett Clark and loses puck.
4:04 of 2nd period - Wrist shot by Andrew Alberts.
4:04 of 2nd period - Deflect By Ryan Mcdonagh.
4:04 of 2nd period - Stopped by Viktor Fasth with a rebound.
4:22 of 2nd period - Alexander Edler is hit by Cam Fowler and loses puck.
5:10 of 2nd period - Slapshot by Byron Bitz.
5:10 of 2nd period - Deflect By Alexander Steen.
5:10 of 2nd period - Shot Misses the Net.
5:10 of 2nd period - Puck is out of play.
5:11 of 2nd period - Mikael Granlund wins face-off versus Dave Bolland in Bruins zone.
5:16 of 2nd period - Wrist shot by Alexander Steen.
5:16 of 2nd period - Stopped by Kevin Poulin without a rebound.
5:17 of 2nd period - Ryan Kesler wins face-off versus Dave Bolland in Bruins zone.
5:20 of 2nd period - Wrist shot by Niclas Bergfors.
5:20 of 2nd period - Shot Misses the Net.
5:26 of 2nd period - Snap shot by Niclas Bergfors.
5:26 of 2nd period - Stopped by Kevin Poulin without a rebound.
5:27 of 2nd period - Henrik Sedin wins face-off versus Ryan Kesler in Bruins zone.
5:43 of 2nd period - Minor Penalty to Wojtek Wolski for Hooking.
5:44 of 2nd period - Mikael Granlund wins face-off versus Henrik Sedin in Bruins zone.
5:45 of 2nd period - Snap shot by Niclas Bergfors.
5:45 of 2nd period - Shot Misses the Net.
5:58 of 2nd period - Icing by Dmitri Kalinin.
5:59 of 2nd period - Henrik Sedin wins face-off versus Mikael Granlund in Predators zone.
6:14 of 2nd period - Slapshot by John Moore.
6:14 of 2nd period - Stopped by Kevin Poulin without a rebound.
6:15 of 2nd period - Ryan Kesler wins face-off versus Henrik Sedin in Bruins zone.
6:16 of 2nd period - Snap shot by Alexander Steen.
6:16 of 2nd period - Deflect By Ryan Kesler.
6:16 of 2nd period - Stopped by Kevin Poulin without a rebound.
6:17 of 2nd period - Henrik Sedin wins face-off versus Ryan Kesler in Bruins zone.
7:37 of 2nd period - Icing by Mikael Granlund.
7:38 of 2nd period - Niclas Bergfors wins face-off versus Dave Bolland in Predators zone.
7:43 of 2nd period - Penalty to Wojtek Wolski is over, Wojtek Wolski is back on ice.
7:59 of 2nd period - Snap shot by Wojtek Wolski.
7:59 of 2nd period - Shot Misses the Net.
8:01 of 2nd period - Slapshot by Wojtek Wolski.
8:01 of 2nd period - Shot Blocked by Alexander Ovechkin.
8:03 of 2nd period - Slapshot by Shane O'Brien.
8:03 of 2nd period - Stopped by Viktor Fasth with a rebound.
8:05 of 2nd period - Wrist shot by Kris Chucko.
8:05 of 2nd period - Shot Blocked by Mikael Granlund.
8:09 of 2nd period - Wrist shot by Wojtek Wolski.
8:09 of 2nd period - Stopped by Viktor Fasth without a rebound.
8:10 of 2nd period - Marc Savard wins face-off versus Rene Bourque in Predators zone.
8:17 of 2nd period - Wrist shot by Adam Burish.
8:17 of 2nd period - Shot Misses the Net.
8:19 of 2nd period - Snap shot by John Moore.
8:19 of 2nd period - Shot Misses the Net.
8:35 of 2nd period - Snap shot by Kris Vernarsky.
8:35 of 2nd period - Stopped by Kevin Poulin without a rebound.
8:36 of 2nd period - Kris Vernarsky wins face-off versus Henrik Sedin in Bruins zone.
9:03 of 2nd period - Icing by Ryan Mcdonagh.
9:04 of 2nd period - Zack Hamill wins face-off versus Ryan Kesler in Predators zone.
9:07 of 2nd period - Slapshot by Zack Hamill.
9:07 of 2nd period - Stopped by Viktor Fasth with a rebound.
9:11 of 2nd period - Wrist shot by Kris Chucko.
9:11 of 2nd period - Stopped by Viktor Fasth with a rebound.
9:13 of 2nd period - Snap shot by Kris Chucko.
9:13 of 2nd period - Shot Misses the Net.
9:15 of 2nd period - Wrist shot by Nikolai Zherdev.
9:15 of 2nd period - Shot Misses the Net.
9:37 of 2nd period - Snap shot by Mikael Granlund.
9:37 of 2nd period - Stopped by Kevin Poulin without a rebound.
9:38 of 2nd period - Dave Bolland wins face-off versus Ryan Kesler in Bruins zone.
9:51 of 2nd period - Wrist shot by Dave Bolland.
9:51 of 2nd period - Stopped by Viktor Fasth with a rebound.
10:03 of 2nd period - Nathan Horton is hit by James Van Riemsdyk.
10:34 of 2nd period - Wrist shot by Byron Bitz.
10:34 of 2nd period - Stopped by Kevin Poulin with a rebound.
10:36 of 2nd period - Slapshot by Dmitri Kalinin.
10:36 of 2nd period - Stopped by Kevin Poulin with a rebound.
10:52 of 2nd period - Wrist shot by Zack Hamill.
10:52 of 2nd period - Deflect By Dmitri Kalinin.
10:52 of 2nd period - Shot Misses the Net.
10:52 of 2nd period - Puck is out of play.
10:53 of 2nd period - Ryan Kesler wins face-off versus Henrik Sedin in Predators zone.
10:53 of 2nd period - Ryan Kesler is hit by Henrik Sedin.
11:01 of 2nd period - Niclas Bergfors is hit by Nathan Horton and loses puck.
11:31 of 2nd period - Minor Penalty to Byron Bitz for Interference.
11:32 of 2nd period - Andy Miele wins face-off versus Henrik Sedin in Predators zone.
13:31 of 2nd period - Penalty to Byron Bitz is over, Byron Bitz is back on ice.
13:37 of 2nd period - Snap shot by Adam Burish.
13:37 of 2nd period - Stopped by Kevin Poulin with a rebound.
13:39 of 2nd period - Slapshot by John Moore.
13:39 of 2nd period - Shot Blocked by Jason Demers.
14:10 of 2nd period - Dmitri Kalinin is hit by Nikolai Zherdev and loses puck.
15:40 of 2nd period - Nikolai Zherdev is hit by John Moore and loses puck.
16:17 of 2nd period - Rene Bourque is hit by Alexander Edler and loses puck.
17:00 of 2nd period - Henrik Sedin is hit by Adam Burish and loses puck.
17:38 of 2nd period - Alexander Edler is hit by Nick Schultz and loses puck.
18:33 of 2nd period - Andy Miele is hit by Alex Tanguay and loses puck.
18:43 of 2nd period - Off-side.
18:44 of 2nd period - Mikael Granlund wins face-off versus Mike Fisher in neutral zone.
18:47 of 2nd period - Slapshot by John Moore.
18:47 of 2nd period - Shot Blocked by Rene Bourque.
18:49 of 2nd period - Slapshot by John Moore.
18:49 of 2nd period - Shot Blocked by Mike Fisher.
18:51 of 2nd period - Slapshot by John Moore.
18:51 of 2nd period - Shot Misses the Net.
19:11 of 2nd period - Slapshot by Wojtek Wolski.
19:11 of 2nd period - Stopped by Viktor Fasth without a rebound.
19:12 of 2nd period - Henrik Sedin wins face-off versus Ryan Kesler in Predators zone.
19:15 of 2nd period - Snap shot by Henrik Sedin.
19:15 of 2nd period - Shot Misses the Net.
19:17 of 2nd period - Snap shot by Henrik Sedin.
19:17 of 2nd period - Shot Misses the Net.
19:24 of 2nd period - Off-side.
19:25 of 2nd period - Henrik Sedin wins face-off versus Ryan Kesler in neutral zone.
19:32 of 2nd period - Snap shot by Wojtek Wolski.
19:32 of 2nd period - Shot Misses the Net.
19:54 of 2nd period - Snap shot by Victor Oreskovich.
19:54 of 2nd period - Stopped by Viktor Fasth with a rebound.
Goals for this period are 0 for Bruins vs 0 for Predators.
Shots for this period are 11 for Bruins vs 11 for Predators.
3rd period
0:01 of 3rd period - Henrik Sedin wins face-off versus Ryan Kesler in neutral zone.
0:03 of 3rd period - Off-side.
0:04 of 3rd period - Henrik Sedin wins face-off versus Ryan Kesler in neutral zone.
0:15 of 3rd period - Wrist shot by Wojtek Wolski.
0:15 of 3rd period - Shot Misses the Net.
0:17 of 3rd period - Slapshot by Wojtek Wolski.
0:17 of 3rd period - Shot Blocked by Ryan Kesler.
0:53 of 3rd period - Snap shot by James Van Riemsdyk.
0:53 of 3rd period - Stopped by Kevin Poulin without a rebound.
0:54 of 3rd period - Marc Savard wins face-off versus Henrik Sedin in Bruins zone.
0:57 of 3rd period - Snap shot by James Van Riemsdyk.
0:57 of 3rd period - Stopped by Kevin Poulin without a rebound.
0:58 of 3rd period - Ryan Kesler wins face-off versus Henrik Sedin in Bruins zone.
1:03 of 3rd period - Slapshot by Alexander Ovechkin.
1:03 of 3rd period - Stopped by Kevin Poulin with a rebound.
1:54 of 3rd period - Snap shot by Niclas Bergfors.
1:54 of 3rd period - Stopped by Kevin Poulin with a rebound.
2:23 of 3rd period - Snap shot by Henrik Sedin.
2:23 of 3rd period - Shot Misses the Net.
2:25 of 3rd period - Wrist shot by Nathan Horton.
2:25 of 3rd period - Stopped by Viktor Fasth without a rebound.
2:26 of 3rd period - Mikael Granlund wins face-off versus Dave Bolland in Predators zone.
2:26 of 3rd period - Mikael Granlund is hit by Alex Tanguay.
2:29 of 3rd period - Icing by Ryan Mcdonagh.
2:30 of 3rd period - Mikael Granlund wins face-off versus Dave Bolland in Predators zone.
2:39 of 3rd period - Slapshot by Byron Bitz.
2:39 of 3rd period - Shot Misses the Net.
2:41 of 3rd period - Slapshot by Ryan Mcdonagh.
2:41 of 3rd period - Stopped by Kevin Poulin without a rebound.
2:42 of 3rd period - Dave Bolland wins face-off versus Mikael Granlund in Bruins zone.
2:42 of 3rd period - Dave Bolland is hit by Mikael Granlund.
2:56 of 3rd period - Snap shot by Victor Oreskovich.
2:56 of 3rd period - Stopped by Viktor Fasth with a rebound.
3:08 of 3rd period - Viktor Stalberg is hit by Adam Burish and loses puck.
3:17 of 3rd period - Snap shot by Marc Savard.
3:17 of 3rd period - Stopped by Kevin Poulin without a rebound.
3:18 of 3rd period - Marc Savard wins face-off versus Dave Bolland in Bruins zone.
4:16 of 3rd period - Shane O'Brien is hit by Niclas Bergfors and loses puck.
4:57 of 3rd period - Nate Prosser is hit by Mikael Granlund and loses puck.
5:20 of 3rd period - Slapshot by Kris Vernarsky.
5:20 of 3rd period - Shot Misses the Net.
5:44 of 3rd period - Wrist shot by Viktor Stalberg.
5:44 of 3rd period - Shot Blocked by Ryan Mcdonagh.
6:26 of 3rd period - Wrist shot by Mikael Granlund.
6:26 of 3rd period - Stopped by Kevin Poulin with a rebound.
6:28 of 3rd period - Slapshot by Brett Clark.
6:28 of 3rd period - Stopped by Kevin Poulin without a rebound.
6:29 of 3rd period - Henrik Sedin wins face-off versus Ryan Kesler in Bruins zone.
6:29 of 3rd period - Henrik Sedin is hit by Niclas Bergfors.
6:41 of 3rd period - Snap shot by Wojtek Wolski.
6:41 of 3rd period - Stopped by Viktor Fasth without a rebound.
6:42 of 3rd period - Henrik Sedin wins face-off versus Ryan Kesler in Predators zone.
6:43 of 3rd period - Wrist shot by Nathan Horton.
6:43 of 3rd period - Stopped by Viktor Fasth without a rebound.
6:44 of 3rd period - Henrik Sedin wins face-off versus Ryan Kesler in Predators zone.
7:14 of 3rd period - Slapshot by Niclas Bergfors.
7:14 of 3rd period - Goal by Niclas Bergfors - Bruins : 0 - Predators : 2.
7:15 of 3rd period - Ryan Kesler wins face-off versus Henrik Sedin in neutral zone.
7:53 of 3rd period - Viktor Stalberg is hit by Ryan Kesler.
7:59 of 3rd period - Slapshot by Rene Bourque.
7:59 of 3rd period - Deflect By Mike Fisher.
7:59 of 3rd period - Shot Blocked by Ryan Mcdonagh.
7:59 of 3rd period - Puck is out of play.
8:00 of 3rd period - Mikael Granlund wins face-off versus Dave Bolland in Predators zone.
8:31 of 3rd period - Snap shot by Wojtek Wolski.
8:31 of 3rd period - Shot Blocked by Brett Clark.
8:33 of 3rd period - Slapshot by Cam Fowler.
8:33 of 3rd period - Deflect By Adam Burish.
8:33 of 3rd period - Stopped by Viktor Fasth with a rebound.
8:35 of 3rd period - Slapshot by Andrew Alberts.
8:35 of 3rd period - Goal by Andrew Alberts - Bruins : 1 - Predators : 2.
8:36 of 3rd period - Niclas Bergfors wins face-off versus Henrik Sedin in neutral zone.
9:03 of 3rd period - Alexander Edler is hit by Dave Bolland and loses puck.
9:08 of 3rd period - Snap shot by Alex Tanguay.
9:08 of 3rd period - Stopped by Viktor Fasth without a rebound.
9:09 of 3rd period - Mikael Granlund wins face-off versus Dave Bolland in Predators zone.
9:39 of 3rd period - Dmitri Kalinin is hit by Henrik Sedin and loses puck.
10:43 of 3rd period - Icing by John Moore.
10:44 of 3rd period - Wojtek Wolski wins face-off versus Ryan Kesler in Predators zone.
11:04 of 3rd period - Nathan Horton is hit by Ryan Kesler and loses puck.
11:38 of 3rd period - Wrist shot by Wojtek Wolski.
11:38 of 3rd period - Shot Misses the Net.
11:40 of 3rd period - Slapshot by Shane O'Brien.
11:40 of 3rd period - Shot Blocked by Alexander Edler.
11:50 of 3rd period - Snap shot by Henrik Sedin.
11:50 of 3rd period - Stopped by Viktor Fasth with a rebound.
11:52 of 3rd period - Snap shot by Wojtek Wolski.
11:52 of 3rd period - Shot Misses the Net.
11:54 of 3rd period - Slapshot by Shane O'Brien.
11:54 of 3rd period - Stopped by Viktor Fasth without a rebound.
11:55 of 3rd period - Mikael Granlund wins face-off versus Dave Bolland in Predators zone.
12:52 of 3rd period - Snap shot by Zack Hamill.
12:52 of 3rd period - Shot Blocked by Ryan Mcdonagh.
13:00 of 3rd period - Nick Schultz is hit by Alexander Edler and loses puck.
13:05 of 3rd period - Snap shot by Kris Vernarsky.
13:05 of 3rd period - Shot Misses the Net.
13:07 of 3rd period - Wrist shot by Justin Abdelkader.
13:07 of 3rd period - Stopped by Kevin Poulin with a rebound.
13:26 of 3rd period - Wrist shot by Andy Miele.
13:26 of 3rd period - Shot Blocked by Kris Chucko.
13:28 of 3rd period - Slapshot by Alexander Edler.
13:28 of 3rd period - Deflect By Andy Miele.
13:28 of 3rd period - Goal by Andy Miele - Bruins : 1 - Predators : 3.
13:29 of 3rd period - Henrik Sedin wins face-off versus Ryan Kesler in neutral zone.
13:34 of 3rd period - Backhand shot by Wojtek Wolski.
13:34 of 3rd period - Shot Blocked by Niclas Bergfors.
13:36 of 3rd period - Slapshot by Henrik Sedin.
13:36 of 3rd period - Stopped by Viktor Fasth without a rebound.
13:37 of 3rd period - Henrik Sedin wins face-off versus Ryan Kesler in Predators zone.
13:38 of 3rd period - Snap shot by Wojtek Wolski.
13:38 of 3rd period - Stopped by Viktor Fasth without a rebound.
13:39 of 3rd period - Ryan Kesler wins face-off versus Henrik Sedin in Predators zone.
13:54 of 3rd period - Wrist shot by Henrik Sedin.
13:54 of 3rd period - Shot Blocked by Dmitri Kalinin.
13:56 of 3rd period - Slapshot by Shane O'Brien.
13:56 of 3rd period - Stopped by Viktor Fasth without a rebound.
13:57 of 3rd period - Mikael Granlund wins face-off versus Alex Tanguay in Predators zone.
13:57 of 3rd period - Mikael Granlund is hit by Dave Bolland.
14:27 of 3rd period - Wrist shot by Viktor Stalberg.
14:27 of 3rd period - Stopped by Viktor Fasth without a rebound.
14:28 of 3rd period - Ryan Kesler wins face-off versus Mike Fisher in Predators zone.
14:28 of 3rd period - Ryan Kesler is hit by Nick Schultz.
14:45 of 3rd period - John Moore is hit by Nick Schultz and loses puck.
14:52 of 3rd period - Wrist shot by Ryan Kesler.
14:52 of 3rd period - Stopped by Kevin Poulin without a rebound.
14:53 of 3rd period - Mikael Granlund wins face-off versus Henrik Sedin in Bruins zone.
14:58 of 3rd period - Snap shot by Byron Bitz.
14:58 of 3rd period - Deflect By Alexander Steen.
14:58 of 3rd period - Stopped by Kevin Poulin with a rebound.
16:02 of 3rd period - Justin Abdelkader is hit by Jason Demers and loses puck.
16:40 of 3rd period - Icing by Kris Chucko.
16:41 of 3rd period - Zack Hamill wins face-off versus Marc Savard in Bruins zone.
16:52 of 3rd period - Snap shot by Zack Hamill.
16:52 of 3rd period - Stopped by Viktor Fasth without a rebound.
16:53 of 3rd period - Marc Savard wins face-off versus Mike Fisher in Predators zone.
16:55 of 3rd period - Minor Penalty to James Van Riemsdyk for Holding.
16:56 of 3rd period - Henrik Sedin wins face-off versus Andy Miele in Predators zone.
17:30 of 3rd period - Snap shot by Victor Oreskovich.
17:30 of 3rd period - Stopped by Viktor Fasth with a rebound.
18:41 of 3rd period - Andy Miele is hit by Dave Bolland and loses puck.
18:55 of 3rd period - Penalty to James Van Riemsdyk is over, James Van Riemsdyk is back on ice.
18:58 of 3rd period - Ryan Mcdonagh is hit by Rene Bourque and loses puck.
19:00 of 3rd period - Minor Penalty to Nikolai Zherdev for Hooking.
19:01 of 3rd period - Mikael Granlund wins face-off versus Henrik Sedin in Bruins zone.
19:02 of 3rd period - Snap shot by Alexander Ovechkin.
19:02 of 3rd period - Shot Blocked by Nate Prosser.
19:04 of 3rd period - Snap shot by Niclas Bergfors.
19:04 of 3rd period - Shot Misses the Net.
19:06 of 3rd period - Slapshot by John Moore.
19:06 of 3rd period - Stopped by Kevin Poulin without a rebound.
19:07 of 3rd period - Henrik Sedin wins face-off versus Mikael Granlund in Bruins zone.
Goals for this period are 1 for Bruins vs 2 for Predators.
Shots for this period are 15 for Bruins vs 14 for Predators.
Back to the Top